 Dungeon Crawl Stone Soup version 0.31.0-9-g3a7656b989 (webtiles) character file.

Game seed: 17245428367516153262

27 qw the Shooter (level 2, 0/14 HPs)
             Began as a Spriggan Hunter on Feb 2, 2024.
             Succumbed to their own poison gas
             ... on level 1 of the Dungeon.
             The game lasted 00:00:02 (695 turns).

qw the Shooter (Spriggan Hunter)                     Turns: 695, Time: 00:00:02

Health: 0/14       AC:  2    Str:  7    XL:     2   Next: 93%
Magic:  3/3        EV: 19    Int: 10    God:
Gold:   73         SH:  0    Dex: 18    Spells: 1/1 levels left

rFire   . . .        a - +0 shortbow (freeze)
rCold   . . .        (shield currently unavailable)
rNeg    . . .        c - +0 robe
rPois   .            (helmet restricted)
rElec   .            (no cloak)
rCorr   .            (gloves unavailable)
SInv    +            (boots unavailable)
Will    .....        (no amulet)
Stlth   ++           (no ring)
HPRegen 0.22/turn    (no ring)
MPRegen 0.08/turn

%: no passive effects
@: lethally poisoned (0 -> -9), very quick
A: very small, no large weapons, unfitting armour, see invisible, speed 3
a: no special abilities


You were on level 1 of the Dungeon.
You visited 1 branch of the dungeon, and saw 1 of its levels.

You collected 73 gold pieces.


Innate Abilities, Weirdness & Mutations

You are very small and have problems with some larger weapons.
You are too small for most types of armour.
You have supernaturally acute eyesight. (SInv)
You cover ground extremely quickly. (Speed+++)


   Skills:
 - Level 1.5 Fighting
 + Level 4.4 Ranged Weapons
 - Level 4.0 Dodging
 - Level 1.5 Stealth


You had one spell level left.
You didn't know any spells.
Your spell library was empty.

Inventory:

Hand Weapons
 a - a +0 shortbow of freezing (weapon)
Armour
 c - a +0 robe (worn)
Scrolls
 f - a scroll of teleportation

Dungeon Overview and Level Annotations

Branches:
Dungeon (1/15)

Altars:


Message History

Your goblin is engulfed in poison gas.
Your goblin looks even sicker.
You kill your goblin!
Your goblin's corpse dissolves into shadows!
Done exploring.
687 ||| DROPPING scroll of butterflies.
You drop a scroll of butterflies.
Done exploring.
688 ||| DROPPING scroll of poison.
You drop a scroll of poison.
Done exploring.
What level of the Dungeon? (default 1, ? - help) Sorry, I don't know how to get there.
Enter note:
Enter note:
Enter note:
Enter note:
Enter note:
Enter note:
Enter note:
Enter note:
Enter note: You are engulfed in poison gas.
You are lethally poisoned!
You feel very sick.
690 ||| Stepping ~*~*~tactically~*~*~ (cloud).
You feel sick.
Things that are here:
a scroll of poison; a scroll of butterflies
691 ||| DRINKING potion of curing.
You feel better.
691 ||| (to cure poison)
You are engulfed in poison gas.
You are lethally poisoned!
You feel very sick.
693 ||| Stepping ~*~*~tactically~*~*~ (cloud).
You feel sick.
Things that are here:
a scroll of poison; a scroll of butterflies
There is a lethal amount of poison in your body!
You feel sick.
There is a lethal amount of poison in your body!
You die...

....)..##.# #.#
.####.....# #¤#
.####..#### #0#
.......# #¤#
.###...# #¤#
.##.%#.# #0#
.##....# #0#
.##.#..#########0#
..........¤0¤0.0@#
.......###########
.......# ###.####
#.# #.# ###.#
....# #####


There were no monsters in sight!

Vanquished Creatures
  2 bats (D:1)
  3 endoplasms (D:1)
  A giant cockroach (D:1)
  4 goblins (D:1)
  A hobgoblin (D:1)
  6 jackals (D:1)
  A kobold (D:1)
  A quokka (D:1)
  A ball python (D:1)
  2 rats (D:1)
22 creatures vanquished.

Notes
Turn   | Place    | Note
-------+----------+-------------------------------------------
     0 | D:1      | qw the Spriggan Hunter began the quest for the Orb.
     0 | D:1      | Reached XP level 1. HP: 10/10 MP: 2/2
     0 | D:1      | 0 ||| qw: Version: 0.3-a-155-g5e7d8dd
     0 | D:1      | 0 ||| qw: Game counter: 1814
     0 | D:1      | 0 ||| qw: Melee chars always use a shield: true
     0 | D:1      | 0 ||| qw: God list: Okawaru
     0 | D:1      | 0 ||| qw: Allow faded altars: false
     0 | D:1      | 0 ||| qw: Do Orc after clearing Dungeon:15 true
     0 | D:1      | 0 ||| qw: Do second Lair branch before Depths: true
     0 | D:1      | 0 ||| qw: Lair rune preference: random
     0 | D:1      | 0 ||| qw: Goals: Normal
     0 | D:1      | 0 ||| PLANNING D:1-11
    18 | D:1      | Reached skill level 3 in Dodging
   133 | D:1      | Reached XP level 2. HP: 14/14 MP: 3/3
   681 | D:1      | 681 ||| READING 2 scrolls labelled MAPSIU YCAVO.
   681 | D:1      | 681 ||| IDENTIFYING fuming puce potion
   682 | D:1      | 682 ||| READING scroll of identify.
   682 | D:1      | 682 ||| IDENTIFYING scroll labelled AMEINE YRONTOU
   683 | D:1      | 683 ||| READING 2 scrolls labelled ZAVIRCHUNLA.
   684 | D:1      | 684 ||| READING scroll labelled YSTALETWUSS.
   685 | D:1      | 685 ||| READING scroll labelled CIRUYTR BINAMIHERY.
   686 | D:1      | 686 ||| READING scroll labelled UCOMAM XOIMEUW.
   686 | D:1      | 686 ||| BRANDING +0 shortbow.
   687 | D:1      | 687 ||| DROPPING scroll of butterflies.
   688 | D:1      | 688 ||| DROPPING scroll of poison.
   690 | D:1      | 690 ||| Stepping ~*~*~tactically~*~*~ (cloud).
   691 | D:1      | 691 ||| DRINKING potion of curing.
   691 | D:1      | 691 ||| (to cure poison)
   693 | D:1      | 693 ||| Stepping ~*~*~tactically~*~*~ (cloud).
   694 | D:1      | HP: 3/14 [poisoned by you (poison gas)]
   695 | D:1      | Succumbed to their own poison gas

Levels and vault maps discovered:
D:1:      nzn_arrival_depleted_hourglass, layout_loops_ring, minmay_crystal_room

Skill      XL: |  1  2 |
---------------+-------+-----
Dodging        | 3 4 |  4.0
Fighting       | |  1.5
Ranged Weapons | |  4.4
Stealth        | |  1.5

Action                     || total
---------------------------++-------
   Fire: Shortbow          ||    49
    Use: Scroll            ||     6
         Potion            ||     1
 Armour: Robe              ||     4
  Dodge: Dodged            ||    20

Table legend:
 A = Non-vault XP
 B = Vault XP
 C = Vault XP percentage of total XP
 D = Non-vault monster count
 E = Vault monster count
 F = Vault count percentage of total count
                 A         B        C        D         E       F
            +---------+---------+-------+---------+---------+-------
      Total |      39 |       0 |   0.0 |      22 |       0 |   0.0
            +---------+---------+-------+---------+---------+-------
        D:1 |      39 |       0 |   0.0 |      22 |       0 |   0.0
            +---------+---------+-------+---------+---------+-------
